 Dungeon Crawl Stone Soup version 0.31-a0-161-gb58dd9be76 (webtiles) character file.

Game seed: 5183860264699090655

131 qw the Shooter (level 5, -6/32 HPs)
             Began as a Gargoyle Hunter on June 12, 2023.
             Killed from afar by an orc wizard (11 damage)
             ... with a puff of flame
             ... on level 2 of the Dungeon.
             The game lasted 00:00:43 (1665 turns).

qw the Shooter (Gargoyle Hunter)                    Turns: 1665, Time: 00:00:43

Health: -6/32      AC:  7    Str: 14      XL:     5   Next: 14%
Magic:  5/5        EV: 16    Int:  9 (10) God:
Gold:   76         SH:  0    Dex: 13 (15) Spells: 4/4 levels left

rFire   . . .        Y - +1 shortbow
rCold   . . .        (shield currently unavailable)
rNeg    + . .        c - +0 leather armour
rPois   inf          (no helmet)
rElec   +            (no cloak)
rCorr   .            (no gloves)
SInv    .            (no boots)
Will    .....        (no amulet)
Stlth   +            j - +5 ring of evasion
HPRegen 0.25/turn    (no ring)
MPRegen 0.09/turn

%: no passive effects
@: no status effects
A: sickness immunity, AC +4, negative energy resistance 1, electricity
resistance, torment resistance 1, petrification resistance
a: no special abilities


You were on level 2 of the Dungeon.
You visited 1 branch of the dungeon, and saw 3 of its levels.

You collected 76 gold pieces.


Innate Abilities, Weirdness & Mutations

You are immune to sickness and miasma.
Your stone body is resilient. (AC +4)
You are immune to poison.
You resist negative energy. (rN+)
You are resistant to electric shocks. (rElec)
You are resistant to unholy torment.
You are immune to petrification.


   Skills:
 + Level 3.0 Fighting
 - Level 6.0 Ranged Weapons
 - Level 1.5 Dodging
 - Level 1.1 Stealth


You had 4 spell levels left.
You didn't know any spells.
Your spell library was empty.

Inventory:

Hand Weapons
 Y - a +1 shortbow (weapon)
Armour
 c - a +0 leather armour (worn)
Jewellery
 j - a +5 ring of evasion (left hand)
Scrolls
 a - a scroll of identify
 i - 2 scrolls of enchant armour
Potions
 b - a potion of mutation {unknown}
 e - a potion of curing {unknown}
 f - a potion of heal wounds {unknown}
 l - a potion of invisibility {unknown}

Dungeon Overview and Level Annotations

Branches:
Dungeon (3/15)

Altars:


Message History

The jackal misses you. Something hits you.
The jackal bites you but does no damage.
Something hits you but does no damage. The jackal misses you.
The jackal bites you. Something hits you. The jackal barely misses you.
You hear some strange, mumbled words.
Something tries to affect you, but you resist.
The jackal closely misses you.
You feel less confused. Something hits you but does no damage.
The jackal barely misses you.
You shoot an arrow. The arrow barely misses the jackal.
The jackal barely misses you. Something hits you but does no damage.
The jackal bites you but does no damage.
Something hits you but does no damage.
You shoot an arrow. The arrow barely misses the jackal.
The jackal closely misses you. Something hits you.
The jackal barely misses you.
You shoot an arrow. The arrow hits the jackal.
You kill the jackal!
Something hits you but does no damage.
You shoot an arrow. Something hits you but does no damage.
You shoot an arrow. Something hits you but does no damage.
You shoot an arrow. Something hits you but does no damage.
You shoot an arrow.
You hear some strange, mumbled words.
Something tries to affect you, but you resist.
You shoot an arrow. Something hits you but does no damage.
You hear some strange, mumbled words.
Something tries to affect you, but you resist.
You shoot an arrow.
You hear some strange, mumbled words.
A magic dart appears from out of thin air!
The magic dart hits you.
You shoot an arrow.
You hear some strange, mumbled words.
A puff of flame appears from out of thin air!
The puff of flame hits you!
You die...

...........# #.# ##.#..#
####.....### #.# #.#... ##...##
#.# #.#### ##.## #.# #.# #.#
###.###### #.# #.#
#........######.### ##+##
#.#.###..##.......# ##...##
#.#{###..##.###.#.# ##.....##
#.#@%##..##.###.#.## ##..>....##
#.#%)##..##......<..
##.........###....##..##..##.....
.'.........'.....................
##.........####...######.........
##.......## ##..# #######.##
##.....## ##.# #.# ##...## #.#
#.# ##'## #.## #.#


There were no monsters in sight!

Vanquished Creatures
  An orc priest (D:2)
  Terence (D:2)
  An adder (D:2)
  3 worms (D:2)
  2 dart slugs (D:2)
  An orc (D:3)
  6 bats
  3 endoplasms
  A giant cockroach (D:1)
  6 goblins
  7 hobgoblins
  6 jackals
  3 kobolds
  2 quokkas (D:1)
  4 ball pythons
  A frilled lizard (D:2)
  4 rats (D:1)
52 creatures vanquished.

Notes
Turn   | Place    | Note
-------+----------+-------------------------------------------
     0 | D:1      | qw the Gargoyle Hunter began the quest for the Orb.
     0 | D:1      | Reached XP level 1. HP: 12/12 MP: 1/1
     0 | D:1      | 0 ||| qw: Version: 0.2-a-29-gc1b59c4
     0 | D:1      | 0 ||| qw: Game counter: 4284
     0 | D:1      | 0 ||| qw: Always use a shield: true
     0 | D:1      | 0 ||| qw: God list: Okawaru
     0 | D:1      | 0 ||| qw: Allow faded altars: false
     0 | D:1      | 0 ||| qw: Do Orc after D:15 true
     0 | D:1      | 0 ||| qw: Do second Lair branch before Depths: true
     0 | D:1      | 0 ||| qw: Lair rune preference: random
     0 | D:1      | 0 ||| qw: Plans: Normal, Zot:1-4, Slime:5, God:TSO, Crypt,
                  | Tomb, Abyss, Pan, Hells, Win
     0 | D:1      | 0 ||| PLANNING D:1-11
    98 | D:1      | Reached XP level 2. HP: 10/17 MP: 2/2
   366 | D:1      | Reached XP level 3. HP: 20/21 MP: 3/3
   416 | D:1      | Reached skill level 5 in Ranged Weapons
   540 | D:1      | You fall into a shaft and drop 1 floor!
   731 | D:2      | Reached skill level 3 in Fighting
   790 | D:2      | Reached XP level 4. HP: 28/28 MP: 4/4
   798 | D:2      | 798 ||| UPGRADING to +5 ring of evasion.
   799 | D:2      | 799 ||| READING 2 scrolls labelled JIXZIF DATAPSA.
   800 | D:2      | 800 ||| READING 2 scrolls labelled APEFRI RURI.
   801 | D:2      | 801 ||| READING scroll labelled PUQURCHIOCHU.
   802 | D:2      | 802 ||| READING scroll labelled JENWOE ENORCH.
   903 | D:2      | 903 ||| READING 3 scrolls labelled HAOLAI TYOH.
   904 | D:2      | 904 ||| READING 3 scrolls labelled BUQAMI VOSUIXT.
   905 | D:2      | 905 ||| DROPPING scroll of butterflies.
   906 | D:2      | 906 ||| DROPPING scroll of blinking.
   907 | D:2      | 907 ||| DROPPING 2 scrolls of poison.
  1005 | D:1      | 1005 ||| READING scroll labelled ZUSUUQIASY.
  1155 | D:2      | Noticed Terence
  1164 | D:2      | Killed Terence
  1593 | D:2      | 1593 ||| DRINKING 2 bubbling purple potions.
  1594 | D:2      | 1594 ||| DROPPING potion of degeneration.
  1629 | D:3      | 1629 ||| STAIRDANCE
  1632 | D:2      | Reached XP level 5. HP: 28/32 MP: 5/5
  1644 | D:2      | Reached skill level 6 in Ranged Weapons
  1653 | D:2      | HP: 8/32 [something (3)]
  1664 | D:2      | HP: 5/32 [something/magic dart (4)]
  1665 | D:2      | Killed from afar by an orc wizard

Levels and vault maps discovered:
D:1:      lemuel_arrival_hallway, layout_loops_ring, serial_park_tiny_1
D:2:      layout_loops_corners, uniq_terence
D:3:      layout_rooms

Skill      XL: |  1  2  3  4  5 |
---------------+----------------+-----
Ranged Weapons | 5 6 |  6.0
Fighting       | 3 |  3.0
Dodging        | |  1.5
Stealth        | |  1.1

Action                     |  1- 3 |  4- 6 || total
---------------------------+-------+-------++-------
   Fire: Shortbow          |   111 |    63 ||   174
    Use: Scroll            |       |     7 ||     7
         Potion            |       |     1 ||     1
 Armour: Leather armour    |    23 |    45 ||    68
  Dodge: Dodged            |    34 |    71 ||   105

Table legend:
 A = Non-vault XP
 B = Vault XP
 C = Vault XP percentage of total XP
 D = Non-vault monster count
 E = Vault monster count
 F = Vault count percentage of total count
                 A         B        C        D         E       F
            +---------+---------+-------+---------+---------+-------
      Total |     156 |      32 |  17.0 |      51 |       1 |   1.9
            +---------+---------+-------+---------+---------+-------
        D:1 |      43 |       0 |   0.0 |      26 |       0 |   0.0
        D:2 |     110 |      32 |  22.5 |      24 |       1 |   4.0
        D:3 |       3 |       0 |   0.0 |       1 |       0 |   0.0
            +---------+---------+-------+---------+---------+-------
